 Dungeon Crawl Stone Soup version 0.21-a0-525-ga34b322 (webtiles) character file.

2 empire the Protected (level 1, -14/17 HPs)
             Began as a Gnoll Wanderer on Dec 7, 2017.
             Engulfed by a cloud of flame (18 damage)
             ... on level 1 of the Dungeon.
             The game lasted 00:00:54 (181 turns).

empire the Protected (Gnoll Wanderer)                Turns: 181, Time: 00:00:56

Health: -14/17     AC:  7    Str: 13    XL:     1   Next: 40%
Magic:  2/2        EV: 10    Int: 14    God:
Gold:   36         SH:  0    Dex: 15    Spells: 0/0 levels left

rFire    . . .     SeeInvis .   b - -3 club (curse)
rCold    . . .     Gourm    .   (no shield)
rNeg     . . .     Faith    .   d - +0 ring mail
rPois    .         Spirit   .   (no helmet)
rElec    .         Reflect  .   (no cloak)
rCorr    .         Harm     .   (no gloves)
MR       .....                  (no boots)
Stlth    +.........             (no amulet)
HPRegen  0.05/turn              (no ring)
MPRegen  0.08/turn              (no ring)

@: very slightly contaminated
A: distributed training, fangs 1, strong nose
a: no special abilities


You were on level 1 of the Dungeon.
You were not hungry.

You visited 1 branch of the dungeon, and saw 1 of its levels.

You collected 36 gold pieces.

Inventory:

Hand Weapons
 a - a +2 hand crossbow
 b - a cursed -3 club (weapon)
Missiles
 h - 23 bolts
 i - 6 javelins (quivered)
Armour
 d - a +0 ring mail (worn)
Potions
 c - a potion of curing
Comestibles
 f - a bread ration


   Skills:
 + Level 2.3 Fighting
 + Level 0.0 Short Blades
 + Level 0.0 Long Blades
 + Level 0.0 Axes
 + Level 0.0 Maces & Flails
 + Level 0.0 Polearms
 + Level 0.0 Staves
 + Level 0.0 Slings
 + Level 0.0 Bows
 + Level 4.4 Crossbows
 + Level 0.0 Throwing
 + Level 10.3 Armour
 + Level 0.0 Dodging
 + Level 0.0 Stealth
 + Level 2.3 Shields
 + Level 0.0 Unarmed Combat
 + Level 0.0 Spellcasting
 + Level 0.0 Conjurations
 + Level 0.0 Hexes
 + Level 0.0 Charms
 + Level 0.0 Summonings
 + Level 0.0 Necromancy
 + Level 0.0 Translocations
 + Level 0.0 Transmutations
 + Level 0.0 Fire Magic
 + Level 0.0 Ice Magic
 + Level 0.0 Air Magic
 + Level 0.0 Earth Magic
 + Level 0.0 Poison Magic
 + Level 0.1 Invocations
 + Level 2.3 Evocations


You couldn't memorise any spells.
You didn't know any spells.

Dungeon Overview and Level Annotations

Branches:
Dungeon (1/15)

Altars:


Innate Abilities, Weirdness & Mutations

Your experience applies equally to all skills.
You have very sharp teeth.
Your uncanny sense of smell can sniff out nearby items.


Message History

You closely miss the bat. The bat barely misses you.
Okay, then.
As you read the scroll labeled EFOHEF CEL XAU, it crumbles to dust.
The creatures around you are filled with an inner flame!
It was a scroll of immolation.
The bat hits you but does no damage.
Blink to where?
Press: ? - help, Dir - move target cursor You are very lightly contaminated with residual magic.
As you read the scroll labeled NETYW NUUPN, it crumbles to dust.
It was a scroll of blinking.
Found a scroll labeled BYGEZU PULIGOET.
The bat closely misses you.
You hit the bat.
The bat explodes!
The fiery explosion engulfs you!
Ouch! That really hurt!
* * * LOW HITPOINT WARNING * * *
You are engulfed in blazing flames.
Ouch! That really hurt!
You die...

#.....#.###(#.<.#.###..#
#.....#.##.#.#.#.#.##..#
.....(.#.#.###.#.###.#..#
.......#..## ##.## ##...#
........#...###.#(###....#
#.#..#.# #.#..##..
#.....#####.....##
#§§#..............
#@§#.#b####...#.#.
#.....§#.#........#.#
#......#.#......b.#.#
#.?....#.#........# #
#####..#.#...#......
#%.#.#...#......#
#..#.#...##..#### #..# #..
.... #.. .##.##


There were no monsters in sight!

Vanquished Creatures
  A bat (D:1)
  A kobold (D:1)
  2 rats (D:1)
4 creatures vanquished.

Notes
Turn   | Place    | Note
-------+----------+-------------------------------------------
     0 | D:1      | Reached skill level 10 in Armour
     0 | D:1      | empire the Gnoll Wanderer began the quest for the Orb.
     0 | D:1      | empire set off with: a +2 hand crossbow, 25 bolts, a potion of curing, a +0 ring mail, a bread ration
     0 | D:1      | Reached XP level 1. HP: 17/17 MP: 2/2
   181 | D:1      | Engulfed by a cloud of flame

Vault maps used:
D:1:      minmay_arrival_diagonal_passages, hangedman_abyss_or_decor_stabs

Skill      XL: | |
---------------+-+-----
Armour         | | 10.3
Fighting       | |  2.3
Crossbows      | |  4.4
Shields        | |  2.3
Invocations    | |  0.1
Evocations     | |  2.3

Action                   || total
-------------------------++-------
Melee: Club              ||    23
       Bite              ||     3
 Fire: Hand crossbow     ||     7
  Use: Scroll            ||     2
Armor: Ring mail         ||    14
Dodge: Dodged            ||    20

Table legend:
 A = Spawn XP
 B = Non-spawn XP
 C = Spawn XP percentage of total XP
 D = Spawn monster count
 E = Non-spawn monster count
 F = Spawn count percentage of total count
 G = Total turns spent on level
                    A         B        C        D         E        F      G
               +---------+---------+-------+---------+---------+-------+---------
         Total |       0 |       4 |   0.0 |       0 |       4 |   0.0 |   181
               +---------+---------+-------+---------+---------+-------+---------
           D:1 |       0 |       4 |   0.0 |       0 |       4 |   0.0 |   181
               +---------+---------+-------+---------+---------+-------+---------
